 Dungeon Crawl Stone Soup version 0.16.2-12-gd0ad4c3 (webtiles) character file.

177 kroki the Cutter (level 5, 0/32 HPs)
             Began as a Deep Elf Berserker on Feb 3, 2016.
             Was a Priest of Trog.
             Slain by a river rat (6 damage)
             ... in a sewer.
             The game lasted 00:04:24 (3528 turns).

kroki the Cutter (Deep Elf Berserker)               Turns: 3528, Time: 00:04:24

Health: 0/32       AC:  5    Str: 15    XL:     5   Next: 30%
Magic:  10/10      EV: 11    Int: 12    God:    Trog [***...]
Gold:   118        SH:  0    Dex: 14    Spells: 0 memorised, 4 levels left

rFire  . . .     SeeInvis .     a - +1 short sword
rCold  . . .     Clarity  .     e - +0 ring mail
rNeg   . . .     SustAb   .     (no shield)
rPois  +         Gourm    .     (no helmet)
rElec  .         Spirit   .     (no cloak)
rCorr  .         Warding  .     (no gloves)
rMut   .         Stasis   .     (no boots)
MR     ++...                    (no amulet)
Stlth  +.........               (no ring)
                                j - ring of poison resistance {rPois, !d}

@: regenerating, constricted, very resistant to hostile enchantments, very
unstealthy
A: no striking features
a: Burn Spellbooks, Berserk, Trog's Hand, Renounce Religion


You were in a sewer.
You worshipped Trog.
Trog was most pleased with you.
You were not hungry.

You visited 1 branch of the dungeon, and saw 3 of its levels.
You also visited: Sewer.

You collected 118 gold pieces.

Inventory:

Hand weapons
 a - a +1 short sword (weapon)
Armour
 b - a +0 animal skin
 e - a +0 ring mail (worn)
   (You found it on level 1 of the Dungeon)
Jewellery
 j - a ring of poison resistance (left hand) {rPois, !d}
   (You found it on level 2 of the Dungeon)
Scrolls
 f - 2 scrolls of fog {unknown}
 g - a scroll of recharging {unknown}
 h - a scroll of magic mapping {unknown}
Comestibles
 c - a bread ration {@e1}


   Skills:
 + Level 3.3 Fighting
 * Level 5.4 Short Blades
 - Level 1.5 Armour
 - Level 2.4 Dodging


You had 4 spell levels left.
You didn't know any spells.

Dungeon Overview and Level Annotations

Branches:
Dungeon (3/15)

Altars:


Message History

Moving in this stuff is going to be slow.
You see here a rat corpse. 3 rats come into view.
There are monsters nearby!
There are monsters nearby!
You see here a rat corpse.
You swing at nothing.
You swing at nothing.
You swing at nothing.
You swing at nothing.
You swing at nothing.
You swing at nothing.
You swing at nothing.
You swing at nothing.
You swing at nothing.
You hit the rat.
You kill the rat!
Trog accepts your kill.
You swing at nothing.
You hit the rat. You hit the rat but do no damage.
The rat bites you but does no damage.
You hit the rat.
You kill the rat!
Trog accepts your kill.
You hit the rat but do no damage. The rat closely misses you.
You puncture the rat!
You kill the rat!
Trog accepts your kill.
You swing at nothing.
You swing at nothing.
You swing at nothing.
You swing at nothing.
You swing at nothing.
A rat is nearby!
A rat is nearby!
A rat is nearby!
You see here a rat corpse.
You offer a prayer to Trog.
The rat corpse is consumed in a column of flame.
Trog is most pleased with you.
You enter the shallow water.
Moving in this stuff is going to be slow.
You see here a rat corpse.
You offer a prayer to Trog.
The rat corpse is consumed in a column of flame.
Trog is most pleased with you.
You see here a scroll labeled CHANTE SHEUPOD.
You see here a glowing sapphire potion.
You enter the shallow water.
Moving in this stuff is going to be slow.
You enter the shallow water.
Moving in this stuff is going to be slow.
A rat comes into view.
A rat and 2 river rats come into view. 2 ball pythons and a rat come into view.
The rat bites you but does no damage.
You hit the rat. The river rat bites you. x2
You take 7 damage, and have 12/32 hp.
MASSIVE DAMAGE!!
The ball python barely misses you. x2
The ball python bites you but does no damage.
The ball python grabs you. The ball python constricts you.
The ball python barely misses you.
The river rat bites you but does no damage.
The ball python bites you but does no damage.
The ball python constricts you.
The ball python bites you but does no damage.
You take 1 damage, and have 11/32 hp.
You escape the ball python's grasp.
The river rat bites you.
* * * LOW HITPOINT WARNING * * *
The river rat bites you.
* * * LOW HITPOINT WARNING * * *
You take 7 damage, and have 4/32 hp.
MASSIVE DAMAGE!!
Read which item? (? for menu, Esc to quit)
You can't read that!
Your skin crawls.
You feel resistant to hostile enchantments.
You feel slightly more hungry.
The ball python bites you but does no damage.
The ball python barely misses you. The river rat misses you.
The ball python bites you but does no damage.
The ball python misses you. The river rat closely misses you.
Drink which item? (? for menu, Esc to quit)
It was a potion of curing.
You feel better. The ball python closely misses you. The ball python grabs you.
The ball python constricts you. The ball python bites you.
The river rat bites you. x2
* * * LOW HITPOINT WARNING * * *
The ball python bites you but does no damage.
* * * LOW HITPOINT WARNING * * *
The ball python constricts you.
You regained 2 hp, and now have 7/32 hp.
Drink which item? (? for menu, Esc to quit)
It was a potion of poison.
You feel slightly nauseous. The ball python bites you.
* * * LOW HITPOINT WARNING * * *
The river rat barely misses you. The river rat bites you.
You die...

. ..#
....#####################
......≈≈≈≈≈≈≈≈≈≈≈≈≈≈≈≈..###
......≈≈≈≈≈...≈≈≈≈≈≈≈≈≈...##
#......≈≈≈≈≈≈?≈≈≈≈≈≈≈≈≈.....#
#.....≈r≈rrr!≈≈≈≈≈≈≈≈≈≈.....
##...≈≈≈rrS@≈≈≈≈≈≈≈≈≈≈≈.....
###..≈≈≈≈S≈.≈≈≈≈≈≈≈≈≈......
#####################....
####... #..'... #..##..
#####.. #... ##...


You could see 2 river rats, 2 ball pythons and 4 rats.

Vanquished Creatures
  5 adders
  A gnoll (D:1)
  5 river rats (Sewer)
  2 worms (D:2)
  5 giant cockroaches
  3 hobgoblins
  3 jackals (D:2)
  4 kobolds
  A quokka (D:3)
  6 ball pythons
  4 bats
  4 giant newts
  5 goblins
  24 rats
72 creatures vanquished.

Notes
Turn   | Place    | Note
--------------------------------------------------------------
     0 | D:1      | kroki, the Deep Elf Berserker, began the quest for the Orb.
     0 | D:1      | Reached XP level 1. HP: 13/13 MP: 2/2
   741 | D:1      | HP: 2/19 [gnoll (6)]
   744 | D:1      | Reached XP level 2. HP: 2/18 MP: 4/4
   819 | D:1      | HP: 4/18 [bat (1)]
  1359 | D:2      | Reached skill level 4 in Short Blades
  1359 | D:2      | Reached XP level 3. HP: 12/22 MP: 6/6
  1443 | D:2      | Acquired Trog's second power
  1752 | D:2      | Reached XP level 4. HP: 15/27 MP: 8/8
  2050 | D:2      | HP: 6/27 [adder (2)]
  2057 | D:2      | HP: 5/40 [poisoned by an adder]
  2064 | D:2      | HP: 8/40 [poisoned by an adder]
  2389 | D:3      | Found a glowing drain.
  2424 | D:3      | Reached skill level 3 in Fighting
  2434 | Sewer    | Entered a sewer
  2629 | Sewer    | Reached skill level 5 in Short Blades
  3221 | Sewer    | HP: 5/28 [river rat (6)]
  3226 | Sewer    | HP: 7/28 [rat (1)]
  3228 | Sewer    | Reached XP level 5. HP: 11/32 MP: 10/10
  3525 | Sewer    | HP: 5/32 [river rat (6)]
  3528 | Sewer    | Slain by a river rat

Action                   |  1- 3 |  4- 6 || total
-------------------------+-------+-------++-------
Melee: Short sword       |   121 |   186 ||   307
Invok: Berserk           |     3 |     3 ||     6
       Trog's Hand       |       |     3 ||     3
  Use: Scroll            |     1 |     2 ||     3
       Potion            |       |     2 ||     2
  Eat: Chunk             |     5 |     3 ||     8
       Pizza             |       |     2 ||     2
       Bread ration      |       |     1 ||     1

Vault maps used:
D:1:      scummos_arrival_checkerplants
D:3:      nicolae_overflow_hidden_temple, gup_sewer_entry_glass, st_stairs_7
Sewer:    sewer_minmay_w

Table legend:
 A = Turns spent in this place as a percentage of turns spent in the entire game.
 B = Non-inter-level travel turns spent in this place as a percentage of non-inter-level travel turns spent in the entire game.
 C = Inter-level travel turns spent in this place as a percentage of turns spent in this place.
 D = Turns resting spent in this place as a percentage of non-inter-level travel turns spent in this place.
 E = Turns spent auto-exploring this place as a percentage of non-inter-level travel turns spent in this place.
 F = Non-inter-level travel turns spent in this place divided by the number of levels of this place that you've seen.
                   A       B       C       D       E      F
               +-------+-------+-------+-------+-------+----------------------
         Total | 100.0 | 100.0 |   0.2 |   5.5 |   5.6 | 332.0
       Dungeon |  66.6 |  66.6 |   0.3 |   4.9 |   6.7 | 294.7
         Sewer |  33.4 |  33.4 |   0.0 |   6.8 |   3.4 | 444.0
               +-------+-------+-------+-------+-------+----------------------

Table legend:
 A = Kills in this place as a percentage of kills in entire the game.
 B = Kills by you in this place as a percentage of kills by you in the entire game.
 C = Kills by friends in this place as a percentage of kills by friends in the entire game.
 D = Other kills in this place as a percentage of other kills in the entire game.
 E = Experience gained in this place as a percentage of experience gained in the entire game.
 F = Experience gained in this place divided by the number of levels of this place that you have seen.
                   A       B       C       D       E      F
               +-------+-------+-------+-------+-------+----------------------
         Total | 100.0 | 100.0 |  -nan |  -nan | 100.0 |  63.2
       Dungeon |  62.5 |  62.5 |  -nan |  -nan |  57.3 |  48.3
         Sewer |  37.5 |  37.5 |  -nan |  -nan |  42.7 | 108.0
               +-------+-------+-------+-------+-------+----------------------
